 Dungeon Crawl Stone Soup version 0.19-a0-1882-gbb73ea0 (webtiles) character file.

49 holy777 the Shield-Bearer (level 3, -4/23 HPs)
             Began as a Gargoyle Fighter on Oct 14, 2016.
             Slain by a gnoll
             ... wielding a +0 halberd
              (5 damage)
             ... on level 2 of the Dungeon.
             The game lasted 00:02:40 (1085 turns).

holy777 the Shield-Bearer (Gargoyle Fighter)        Turns: 1085, Time: 00:02:41

Health: -4/23      AC: 10    Str: 20    XL:     3   Next: 75%
Magic:  3/3        EV:  7    Int:  8    God:
Gold:   123        SH:  9    Dex:  9    Spells: 0 memorised, 2 levels left

rFire  . . .     SeeInvis .     a - +0 flail
rCold  . . .     Gourm    .     b - +0 scale mail
rNeg   + . .     Faith    .     c - +0 shield
rPois  ∞         Spirit   .     (no helmet)
rElec  +         Dismiss  .     (no cloak)
rCorr  .         Reflect  .     (no gloves)
MR     .....     Harm     .     (no boots)
Stlth  ..........               (no amulet)
                                (no ring)
                                (no ring)

@: about to teleport
A: negative energy resistance 1, electricity resistance, unbreathing,
petrification resistance, rot immunity, AC +3
a: no special abilities


You were on level 2 of the Dungeon.
You were not hungry.

You visited 1 branch of the dungeon, and saw 2 of its levels.

You collected 123 gold pieces.

Inventory:

Hand Weapons
 a - a +0 flail (weapon)
Armour
 b - a +0 scale mail (worn)
 c - a +0 shield (worn)
Scrolls
 e - a scroll of magic mapping
 h - a scroll of teleportation
 j - 2 scrolls of enchant armour {unknown}
 k - a scroll of fog {unknown}
Potions
 d - a potion of might
 l - a potion of brilliance {unknown}
Comestibles
 f - 2 bread rations
 g - 2 meat rations
 i - a beef jerky


   Skills:
 + Level 3.5 Fighting
 + Level 2.3 Maces & Flails
 + Level 3.7 Armour
 * Level 4.2 Shields


You had 2 spell levels left.
You didn't know any spells.

Dungeon Overview and Level Annotations

Branches:
Dungeon (2/15)

Altars:


Innate Abilities, Weirdness & Mutations

You are resistant to torment.
Your stone body is resilient. (AC +3)
You are immune to poison.
You resist negative energy. (rN+)
You are resistant to electric shocks. (rElec)
You can survive without breathing.
You are immune to petrification.
You are immune to rotting.


Message History

The gnoll hits you from afar with a halberd!
The gnoll hits you but does no damage.
You barely miss the gnoll.
The gnoll is severely wounded.
The gnoll hits you but does no damage. x2
You hit the gnoll but do no damage.
The gnoll is severely wounded.
The gnoll hits you but does no damage. You block the gnoll's attack.
The gnoll barely misses you.
You thump the gnoll!
You kill the gnoll!
The gnoll hits you but does no damage.
The gnoll hits you from afar with a halberd!
* * * LOW HITPOINT WARNING * * *
There is an open door here.
Sorry, you're not good enough to have a special ability.
As you read the scroll of teleportation, it crumbles to dust.
You feel strangely unstable.
The gnoll hits you from afar with a halberd.
You die...

######.#####.#.#
#.# #S# #.#
###g#### #..
#..g...# #..#
#..g...# ..#
#......# #.##
#..@...# #..#
#......# #..#
###)#### #..##
#.# #...#
#.#######.#.##
#.........#..#
############)##
####### #..#
#.....# ##.##


You could see 3 gnolls and a ball python.

Vanquished Creatures
  A gnoll (D:2)
  An adder (D:2)
  A dart slug (D:1)
  3 leopard geckos (D:1)
  2 bats (D:1)
  4 hobgoblins
  3 jackals
  3 kobolds (D:1)
  3 frilled lizards (D:1)
  3 goblins
  A rat (D:1)
25 creatures vanquished.

Notes
Turn   | Place    | Note
-------+----------+-------------------------------------------
     0 | D:1      | holy777 the Gargoyle Fighter began the quest for the Orb.
     0 | D:1      | Reached XP level 1. HP: 14/14 MP: 1/1
   161 | D:1      | Reached XP level 2. HP: 9/19 MP: 2/2
   805 | D:2      | Reached XP level 3. HP: 23/23 MP: 3/3
   895 | D:2      | Reached skill level 4 in Shields
  1074 | D:2      | HP: 1/23 [gnoll/halberd (7)]
  1085 | D:2      | Slain by a gnoll

Vault maps used:
D:1:      wheals_arrival_linesprint
D:2:      minitemple, fedhas_altar_3

Skill      XL: |  1  2  3 |
---------------+----------+-----
Shields        | 4 |  4.2
Fighting       | |  3.5
Maces & Flails | |  2.3
Armour         | |  3.7

Action                   || total
-------------------------++-------
Melee: Flail             ||   122
  Use: Scroll            ||     5
  Eat: Chunk             ||     1
Armor: Scale mail        ||    77
Dodge: Dodged            ||    41
Block: Shield            ||    80
